 Dungeon Crawl Stone Soup version 0.24-a0-114-g5d539f0 (console) character file.

Game seed: 10058946273853185396

209 Duffy the Chopper (level 5, -1/45 HPs)
             Began as a Naga Gladiator on Feb 15, 2019.
             Was a Follower of Makhleb.
             Slain by an orc priest
             ... wielding a +0 whip
              (5 damage)
             ... on level 3 of the Dungeon.
             The game lasted 00:03:11 (3132 turns).

Duffy the Chopper (Naga Gladiator)                  Turns: 3132, Time: 00:03:12

Health: -1/45      AC:  8    Str: 16    XL:     5   Next: 87%
Magic:  5/5        EV:  8    Int:  9    God:    Makhleb [*.....]
Gold:   92         SH:  0    Dex: 15    Spells: 4/4 levels left

rFire    . . .     SeeInvis +   a - +0 war axe
rCold    . . .     Gourm    .   (no shield)
rNeg     . . .     Faith    .   g - +0 scale mail
rPois    +         Spirit   .   c - +0 helmet
rElec    .         Reflect  .   o - +2 cloak {rPois}
rCorr    .         Harm     .   (no gloves)
MR       .....                  (no barding)
Stlth    ..........             h - amulet of magic regeneration
HPRegen  0.15/turn              e - +2 ring of dexterity
MPRegen  0.34/turn              (no ring)

@: very slow
A: large, see invisible, deformed body, poison resistance, slowness 2, slow
metabolism 1, spit poison 1, AC +1
a: Spit Poison, Renounce Religion


You were on level 3 of the Dungeon.
You worshipped Makhleb.
Makhleb was aware of your devotion.
You were not hungry.

You visited 1 branch of the dungeon, and saw 3 of its levels.

You collected 92 gold pieces.

Inventory:

Hand Weapons
 a - a +0 war axe (weapon)
 n - a +3 quarterstaff of chaos
Missiles
 d - 3 throwing nets (quivered)
Armour
 c - a +0 helmet (worn)
 g - a +0 scale mail (worn)
 o - a +2 cloak of poison resistance (worn)
Jewellery
 e - a +2 ring of dexterity (left hand)
 h - an amulet of magic regeneration (around neck)
 t - an uncursed ring of fire
Scrolls
 i - a scroll of remove curse {unknown}
 j - a scroll of amnesia {unknown}
 l - 2 scrolls of teleportation {unknown}
 p - a scroll of immolation {unknown}
 v - a scroll of fear {unknown}
 w - 2 scrolls of identify {unknown}
 x - a scroll of blinking {unknown}
Potions
 b - 2 potions of agility {unknown}
 k - a potion of ambrosia {unknown}
 m - a potion of heal wounds {unknown}
 q - 2 potions of lignification {unknown}
 r - a potion of curing {unknown}
 u - a potion of might {unknown}
Comestibles
 f - 7 rations
 s - 4 chunks of flesh


   Skills:
 - Level 2.0 Fighting
 + Level 6.1 Axes
 - Level 1.7 Throwing
 - Level 2.4 Dodging
 + Level 1.2 Invocations


You had 4 spell levels left.
You didn't know any spells.
Your spell library was empty.

Dungeon Overview and Level Annotations

Branches:
Dungeon (3/15)

Altars:
Dithmenos
Makhleb
Nemelex Xobeh
Vehumet


Innate Abilities, Weirdness & Mutations

You cannot wear boots.
Your serpentine skin is tough. (AC +1)
You have supernaturally acute eyesight. (SInv)
Armour fits poorly on your strangely shaped body.
Your system is resistant to poisons. (rPois)
You cover ground very slowly.
You have a slow metabolism.
You can spit poison.


Message History

You feel better.
Your Invocations skill increases to level 1!
The orc priest calls down the wrath of Beogh upon you.
Beogh smites you!
You barely miss the orc priest.
The orc priest mumbles some strange prayers to Beogh against you.
Pain shoots through your body!
You hit the orc priest.
The orc priest is moderately wounded.
You have got your breath back.
The orc priest hits you but does no damage.
The orc priest hits you with a +0 whip.
You barely miss the orc priest.
The orc priest is moderately wounded.
The orc priest hits you from afar with a +0 trident.
The orc priest hits you with a +0 whip.
You closely miss the orc priest.
The orc priest is moderately wounded.
The orc priest barely misses you. The orc priest hits you with a +0 whip.
You die...

......# o.....+
......# .....# ..o.#
#######...# #oo!oow#+#
#o####.#.##### #@#
#........#
........####.#.####.#
...........#.........
........##.#.....##.##
##...##.#............#
#... #.....).[......#
### #........#.###.#
#.....%....#
#.....(..###


You could see 2 orc priests and an orc.

Vanquished Creatures
  Crazy Yiuf (D:2)
  An orc wizard (D:3)
  Robin (D:2)
  6 adders (D:3)
  An ooze (D:2)
  A worm (D:3)
  A dart slug (D:3)
  3 leopard geckos
  2 orcs (D:3)
  6 bats
  2 giant cockroaches (D:1)
  8 hobgoblins
  4 jackals (D:2)
  8 kobolds
  2 quokkas (D:2)
  4 ball pythons
  5 frilled lizards
  12 goblins
  5 rats
73 creatures vanquished.

Notes
Turn   | Place    | Note
-------+----------+-------------------------------------------
     0 | D:1      | Duffy the Naga Gladiator began the quest for the Orb.
     0 | D:1      | Reached XP level 1. HP: 19/19 MP: 1/1
   184 | D:2      | Reached XP level 2. HP: 14/26 MP: 2/2
   589 | D:2      | Reached skill level 4 in Axes
   626 | D:2      | Found a shadowy altar of Dithmenos.
   670 | D:2      | Reached XP level 3. HP: 32/32 MP: 3/3
   946 | D:3      | Found a burning altar of Makhleb.
   946 | D:3      | Noticed a green death
   984 | D:3      | Noticed a neqoxec
   984 | D:3      | Noticed a ynoxinul
   986 | D:3      | Became a worshipper of Makhleb the Destroyer
  1022 | D:2      | Found a faded altar of an unknown god.
  1064 | D:2      | Found a runed translucent door.
  1065 | D:2      | Noticed Crazy Yiuf
  1075 | D:2      | Killed Crazy Yiuf
  1075 | D:2      | Reached skill level 5 in Axes
  1075 | D:2      | Reached XP level 4. HP: 21/39 MP: 4/4
  1357 | D:2      | Found a radiant altar of Vehumet.
  2488 | D:2      | Found a sparkling altar of Nemelex Xobeh.
  2625 | D:2      | Noticed Robin
  2630 | D:2      | Reached * piety under Makhleb
  2641 | D:2      | Killed Robin
  2641 | D:2      | Reached XP level 5. HP: 37/45 MP: 5/5
  3029 | D:3      | Reached skill level 6 in Axes
  3128 | D:3      | Reached skill level 1 in Invocations
  3132 | D:3      | Slain by an orc priest

Levels and vault maps discovered:
D:1:      dpeg_arrival_renting, layout_loops_corners
D:2:      layout_loops_ring, overflow_temple_1_default, vehumet_crystals,
          chequers_ecumenical_altar_twisty, nemelex_xobeh_ov_fountains_minmay,
          uniq_robin, uniq_crazy_yiuf_cottage
D:3:      layout_loops_corners, minitemple, lemuel_round_altar, first_ration,
          makhleb_altar_promises_db

Skill      XL: |  1  2  3  4  5 |
---------------+----------------+-----
Axes           | 4 5 6 |  6.1
Invocations    | 1 |  1.2
Fighting       | |  2.0
Throwing       | |  1.7
Dodging        | |  2.4

Action                   |  1- 3 |  4- 6 || total
-------------------------+-------+-------++-------
Melee: War axe           |    53 |   161 ||   214
 Abil: Spit Poison       |     4 |     2 ||     6
  Eat: Chunk             |       |     6 ||     6
Armor: Scale mail        |    28 |   141 ||   169
Dodge: Dodged            |    36 |    93 ||   129

Table legend:
 A = Non-vault XP
 B = Vault XP
 C = Vault XP percentage of total XP
 D = Non-vault monster count
 E = Vault monster count
 F = Vault count percentage of total count
                 A         B        C        D         E       F
            +---------+---------+-------+---------+---------+-------
      Total |     229 |      70 |  23.4 |      64 |       9 |  12.3
            +---------+---------+-------+---------+---------+-------
        D:1 |      42 |       0 |   0.0 |      25 |       0 |   0.0
        D:2 |      36 |      70 |  66.0 |      18 |       9 |  33.3
        D:3 |     151 |       0 |   0.0 |      21 |       0 |   0.0
            +---------+---------+-------+---------+---------+-------
